Map: Abyssal Reef LE

Players

meowmeowcute - Winner!

  • Race: Zerg Zerg
  • Spawn Location: 5:00

A.I. 1 (Easy)

  • Race: Zerg Zerg
  • Spawn Location: 11:00

VOD

Have the link to the VOD?

Description

Time

  • Played on: Dec. 23, 2017, 2:03 p.m.
  • Length: 11:56
Show
View Real Time Build Order
Export as new Build Order

meowmeowcute Zerg - Winner!

Build Orders: Pool First 

Get SALT Encoding   

  12  0:08  Overlord  
  12  0:13  Drone  
  13  0:17  Drone  
  14  0:25  Extractor  
  13  0:33  Extractor  
  13  0:34  Drone  
  13  0:35  Drone  
  14  0:46  Drone  
  15  0:59  Spawning Pool  
  14  1:08  Drone  
  14  1:09  Evolution Chamber  
  14  1:31  Drone x2  
  14  1:32  Drone  
  17  1:46  Queen  
  19  1:51  Drone  
  20  2:06  Drone x2  
  20  2:07  Roach Warren  
  21  2:33  Lair  
  21  2:36  Overlord  
  21  2:38  Drone  
  22  2:57  Roach  
  22  2:58  Roach  
  26  3:10  Drone x2  
  28  3:25  Roach  
  30  3:27  Overlord  
  30  3:28  Overlord  
  30  3:45  Queen  
  30  3:47  Infestation Pit  
  31  3:50  Zerg Ground Armor Level 1  
  33  3:55  Roach  
  33  3:56  Overlord  
  33  3:58  Roach x2  
  37  4:03  Glial Reconstitution  
  37  4:30  Drone x4  
  41  4:31  Drone x2  
  43  4:48  Spire  
  42  5:20  Hatchery  
  41  5:38  Roach x4  
  41  5:39  Roach  
  41  5:40  Roach  
  53  5:43  Overlord x2  
  53  5:53  Hive  
  53  6:00  Zerg Missile Weapons Level 1  
  53  6:29  Extractor  
  53  6:31  Mutalisk x2  
  56  6:35  Extractor  
  56  6:36  Roach  
  56  6:37  Zergling x6  
  60  6:58  Queen  
  60  6:59  Drone x2  
  60  7:00  Drone  
  65  7:34  Burrow  
  65  7:41  Drone x3  
  68  7:54  Zerg Melee Weapons Level 1  
  68  7:56  Mutalisk x2  
  72  8:10  Drone x3  
  76  8:20  Drone  
  76  8:31  Overlord  
  76  8:32  Overlord  
  76  8:36  Overlord  
  76  8:40  Tunneling Claws  
  76  8:45  Pneumatized Carapace  
  76  8:46  Zerg Flyer Armor Level 1  
  76  9:04  Mutalisk x3  
  82  9:17  Drone  
  82  9:18  Drone x5  
  88  9:47  Drone x3  
  88  9:52  Mutalisk x4  
  95  9:54  Overlord x2  
  95  9:55  Overlord  
  99  10:16  Roach x13  
  97  10:46  Mutalisk x3  
  97  10:47  Mutalisk x3  
  109  10:50  Mutalisk  
  109  11:34  Hatchery  
Show
View Real Time Build Order
Export as new Build Order

A.I. 1 (Easy) Zerg 

Build Orders: Pool First 

Get SALT Encoding   

  12  0:00  Drone  
  13  0:12  Overlord  
  13  0:17  Drone  
  14  0:30  Drone  
  14  0:35  Drone  
  16  0:42  Spawning Pool  
  15  0:45  Drone  
  15  0:48  Extractor  
  15  0:52  Drone  
  16  1:00  Overlord  
  16  1:29  Queen  
  16  1:30  Zergling x2  
  19  1:34  Roach Warren  
  19  1:36  Drone  
  19  1:37  Zergling x2  
  19  1:39  Extractor  
  19  1:43  Drone  
  20  1:52  Zergling x2  
  21  2:02  Zergling x2  
  22  2:13  Zergling x2  
  23  2:24  Zergling x2  
  24  2:34  Overlord  
  24  2:36  Zergling x2, Drone  
  26  2:42  Zergling x2  
  27  2:46  Drone  
  28  2:57  Drone  
  29  3:08  Drone  
  29  3:12  Drone  
  31  3:13  Overlord  
  31  3:16  Drone  
  32  5:34  Drone  
  32  5:35  Lair  
  33  5:36  Overlord  
  33  5:39  Drone  
  34  5:43  Drone  
  34  5:47  Drone  
  34  6:14  Zergling x2  
  29  6:27  Zergling x2  
  29  6:32  Overseer x2  
  30  6:34  Spire  
  29  6:41  Zergling x2  
  30  6:48  Hatchery  
  30  6:49  Drone  
  30  6:54  Zergling x2  
  31  7:47  Mutalisk  
  33  8:01  Mutalisk, Drone  
  33  8:05  Drone  
  37  8:08  Extractor  
  37  8:09  Drone  
  37  8:10  Extractor  
  36  8:13  Drone  
  36  8:14  Mutalisk  
  36  8:18  Drone  
  40  8:22  Drone  
  40  8:26  Drone  
  42  8:31  Drone  
  43  8:35  Drone  
  43  8:40  Drone  
  45  8:44  Drone  
  47  8:48  Drone  
  47  8:52  Drone  
  48  8:57  Drone  
  48  9:01  Drone  
  50  9:05  Drone  
  51  9:10  Drone  
  51  9:14  Drone  
  51  9:15  Overlord  
  53  9:18  Drone  
  53  9:23  Drone  
  55  9:27  Drone  
  56  9:31  Drone  
  57  10:06  Mutalisk, Pneumatized Carapace, Overseer  
  57  10:07  Evolution Chamber, Overlord  
  59  10:09  Drone  
  55  10:25  Mutalisk  
  51  10:43  Mutalisk  
  51  10:47  Overlord, Overseer  
  51  10:58  Zergling x2  
  52  11:09  Drone  
  43  11:13  Roach  
  43  11:14  Drone  
  37  11:18  Drone  
  37  11:23  Drone  
  31  11:27  Zergling x2  
  31  11:29  Drone  
  21  11:40  Drone  
  21  11:44  Drone  
Tags
 
Add a new tag
Caveats
  • Supply blocks, unpowered buildings, or Contaminate may cause inaccurate times.
  • Supply counts are checked every 10 seconds.